 Dungeon Crawl Stone Soup version 0.31-a0-187-gba352fbbf7 (webtiles) character file.

Game seed: 10266696195045216963

338 qw the Skirmisher (level 6, -13/35 HPs)
             Began as a Deep Elf Hunter on June 22, 2023.
             Mangled by an ogre
             ... wielding a +0 giant spiked club
              (18 damage)
             ... on level 4 of the Dungeon.
             The game lasted 00:01:14 (3034 turns).

qw the Skirmisher (Deep Elf Hunter)                 Turns: 3034, Time: 00:01:14

Health: -13/35     AC:  8    Str: 10    XL:     6   Next: 29%
Magic:  8/8        EV: 12    Int: 14    God:
Gold:   4          SH:  0    Dex: 18    Spells: 5/5 levels left

rFire   . . .        Y - +1 shortbow
rCold   . . .        (shield currently unavailable)
rNeg    . . .        e - +2 leather armour {Will+}
rPois   .            k - +0 helmet
rElec   .            j - +0 cloak
rCorr   .            (no gloves)
SInv    .            g - +0 pair of boots
Will    +....        (no amulet)
Stlth   ++           (no ring)
HPRegen 0.25/turn    (no ring)
MPRegen 0.11/turn

%: no passive effects
@: about to teleport
A: no striking features
a: no special abilities


You were on level 4 of the Dungeon.
You visited 1 branch of the dungeon, and saw 4 of its levels.

You collected 229 gold pieces.
You spent 225 gold pieces at shops.


   Skills:
 - Level 2.0 Fighting
 + Level 9.6 Ranged Weapons
 - Level 3.0 Dodging
 - Level 1.2 Stealth


You had 5 spell levels left.
You didn't know any spells.
Your spell library was empty.

Inventory:

Hand Weapons
 Y - a +1 shortbow (weapon)
Armour
 c - a +0 scale mail
 e - a +2 leather armour of willpower (worn)
 g - a +0 pair of boots (worn)
 j - a +0 cloak (worn)
 k - a +0 helmet (worn)
Wands
 l - a wand of acid (2)
Scrolls
 a - 3 scrolls of identify
 i - a scroll of teleportation
 n - a scroll of immolation {unknown}
Potions
 b - a potion of might
 d - 2 potions of curing
 f - a potion of mutation {unknown}
 h - 3 potions of heal wounds
 m - a potion of haste {unknown}

Dungeon Overview and Level Annotations

Branches:
Dungeon (4/15)
 Temple: D:4-7

Altars:

Shops:
D:1 (   D:4 *


Message History

You hear an angry hiss.
You hear a shout!
There is an open door here.
There is an open door here.
An ogre comes into view. It is wielding a +0 giant spiked club.
Found 15 gold pieces and a glowing emerald potion.
Things that are here:
a potion of curing; a scroll of identify; a hobgoblin corpse
Enter note:
Enter note:
Enter note:
Enter note:
Enter note:
Enter note:
Enter note:
Enter note:
Enter note:
Enter note:
Enter note:
Enter note: You shoot an arrow.
The arrow hits the ogre.
The ogre is lightly wounded.
The ogre hits you with a +0 giant spiked club!
You shoot an arrow. The arrow hits the ogre!
The ogre is moderately wounded.
You shoot an arrow. The arrow barely misses the ogre.
The ogre hits you with a +0 giant spiked club!
You shoot an arrow.
The arrow hits the ogre but does no damage.
The ogre is moderately wounded.
The ogre barely misses you.
You shoot an arrow. The arrow barely misses the ogre.
You shoot an arrow. The arrow hits the ogre.
The ogre is heavily wounded.
The ogre hits you with a +0 giant spiked club!
3034 ||| READING 2 scrolls of teleportation.
As you read the scroll of teleportation, it crumbles to dust.
You feel strangely unstable.
The ogre hits you with a +0 giant spiked club!!
Ouch! That really hurt!
You die...

...########).## #....#
##%...... ...## #....#
#..#..###....... )...#
+....#### #............
....#
##..##..######.......<..
#.###
###'....#.###.......##.
### ##....#.#....##.###
. .# ##..##..>..##### .
.# ##'##.<##...# . .##
#@.##.###..## . ..#
.....'O...#...#.... .##
....##....##........ ###
!$ +#..###....###.# ..#
####.##..## ## .##
#...##..# .# ###
#......## ## ##.#
##..#...## .###..## ###
##........##


You could see an ogre.

Vanquished Creatures
  A howler monkey (D:4)
  3 orc priests (D:3)
  2 orc wizards (D:3)
  6 adders
  2 worms
  A dart slug (D:2)
  13 orcs
  6 endoplasms
  4 giant cockroaches
  7 goblins
  6 hobgoblins
  2 jackals (D:3)
  3 kobolds
  4 quokkas
  14 ball pythons
  5 bats
  6 frilled lizards
  4 rats
89 creatures vanquished.

Notes
Turn   | Place    | Note
-------+----------+-------------------------------------------
     0 | D:1      | qw the Deep Elf Hunter began the quest for the Orb.
     0 | D:1      | Reached XP level 1. HP: 12/12 MP: 3/3
     0 | D:1      | 0 ||| qw: Version: 0.3-a-9-g12657ce
     0 | D:1      | 0 ||| qw: Game counter: 2520
     0 | D:1      | 0 ||| qw: Always use a shield: true
     0 | D:1      | 0 ||| qw: God list: Okawaru
     0 | D:1      | 0 ||| qw: Allow faded altars: false
     0 | D:1      | 0 ||| qw: Do Orc after D:15 true
     0 | D:1      | 0 ||| qw: Do second Lair branch before Depths: true
     0 | D:1      | 0 ||| qw: Lair rune preference: random
     0 | D:1      | 0 ||| qw: Plans: Normal
     0 | D:1      | 0 ||| PLANNING D:1-11
    35 | D:1      | Found Tegoxt Paor's Weapon Emporium.
    43 | D:1      | 43 ||| SHOPLISTING +3 greatsling "Punk" {acid, rCorr} (344
                  | gold, have 0).
   103 | D:1      | Reached XP level 2. HP: 16/16 MP: 4/4
   104 | D:1      | Reached skill level 6 in Ranged Weapons
   857 | D:1      | 857 ||| READING 2 scrolls labelled OSIAVI AROP.
   858 | D:1      | 858 ||| READING scroll labelled PUMNOJ PATO.
   859 | D:1      | 859 ||| DRINKING 2 murky coppery potions.
   860 | D:1      | 860 ||| DROPPING scroll of butterflies.
  1176 | D:2      | Reached XP level 3. HP: 20/20 MP: 5/5
  1362 | D:2      | Found a faded altar of an unknown god.
  1594 | D:2      | 1594 ||| UPGRADING to +0 pair of boots.
  1599 | D:2      | 1599 ||| READING scroll labelled PUHUP WYRRA.
  1600 | D:2      | 1600 ||| READING scroll labelled JOOGGY XEMOUHICH.
  1605 | D:2      | 1605 ||| DRINKING 2 fuming grey potions.
  1646 | D:3      | 1646 ||| STAIRDANCE
  1667 | D:3      | Reached skill level 7 in Ranged Weapons
  1673 | D:3      | Reached XP level 4. HP: 25/25 MP: 6/6
  1680 | D:3      | Reached skill level 8 in Ranged Weapons
  2017 | D:3      | Reached XP level 5. HP: 29/29 MP: 7/7
  2019 | D:3      | 2019 ||| FLEEEEING.
  2024 | D:3      | 2024 ||| FLEEEEING.
  2025 | D:3      | 2025 ||| FLEEEEING.
  2026 | D:3      | 2026 ||| FLEEEEING.
  2027 | D:3      | 2027 ||| FLEEEEING.
  2028 | D:3      | 2028 ||| FLEEEEING.
  2029 | D:3      | 2029 ||| FLEEEEING.
  2035 | D:3      | 2035 ||| FLEEEEING.
  2036 | D:3      | 2036 ||| FLEEEEING.
  2037 | D:3      | 2037 ||| FLEEEEING.
  2043 | D:3      | 2043 ||| FLEEEEING.
  2044 | D:3      | 2044 ||| FLEEEEING.
  2153 | D:3      | 2153 ||| DRINKING 2 potions of curing.
  2153 | D:3      | 2153 ||| (to cure confusion)
  2161 | D:3      | Reached skill level 9 in Ranged Weapons
  2384 | D:3      | 2384 ||| UPGRADING to +0 cloak.
  2389 | D:3      | 2389 ||| READING 3 scrolls of identify.
  2389 | D:3      | 2389 ||| IDENTIFYING fuming green potion
  2390 | D:3      | 2390 ||| READING 2 scrolls of identify.
  2390 | D:3      | 2390 ||| IDENTIFYING fuming brown potion
  2391 | D:3      | 2391 ||| DROPPING potion of invisibility.
  2484 | D:4      | Found Hajilare's Assorted Antiques.
  2497 | D:4      | 2497 ||| FLEEEEING.
  2498 | D:4      | 2498 ||| FLEEEEING.
  2499 | D:4      | 2499 ||| FLEEEEING.
  2500 | D:4      | 2500 ||| FLEEEEING.
  2508 | D:4      | 2508 ||| STAIRDANCE
  2520 | D:3      | 2520 ||| UPGRADING to +2 leather armour of willpower.
  2530 | D:3      | 2530 ||| DROPPING +0 leather armour.
  2531 | D:3      | 2531 ||| UPGRADING to +0 helmet.
  2556 | D:4      | 2556 ||| SHOPLISTING 2 potions of heal wounds (250 gold,
                  | have 229).
  2556 | D:4      | 2556 ||| BUYING iron wand (100 gold).
  2556 | D:4      | Bought an iron wand for 100 gold pieces
  2556 | D:4      | 2556 ||| BUYING potion of heal wounds (125 gold).
  2556 | D:4      | Bought a potion of heal wounds for 125 gold pieces
  2556 | D:4      | 2556 ||| SHOPLISTING scroll of identify (50 gold, have 4).
  2643 | D:4      | Reached skill level 3 in Dodging
  2798 | D:4      | Reached XP level 6. HP: 35/35 MP: 8/8
  3033 | D:4      | HP: 5/35 [ogre/+0 giant spiked club (7)]
  3034 | D:4      | 3034 ||| READING 2 scrolls of teleportation.
  3034 | D:4      | Mangled by an ogre

Levels and vault maps discovered:
D:1:      wander_arrival_desolate, layout_basic, serial_shops,
          nicolae_shop_bloodbath_and_beyond
D:2:      layout_loops_ring, hellmonk_ecumenical_altar_run_dry,
          kennysheep_small_spiral, hangedman_decor_diamond_cutter,
          nicolae_kite_square_tiling_tiny, hangedman_feature_mirror
D:3:      layout_loops_ring
D:4:      minmay_bubble_buster, layout_cave_pools, serial_shops, shop,
          minmay_snake_closets

Skill      XL: |  1  2  3  4  5 |
---------------+----------------+-----
Ranged Weapons | 6 7 8 9 |  9.6
Dodging        | 3 |  3.0
Fighting       | 2 |  2.0
Stealth        | |  1.2

Action                     |  1- 3 |  4- 6 || total
---------------------------+-------+-------++-------
   Fire: Shortbow          |    86 |   167 ||   253
    Use: Scroll            |     4 |     3 ||     7
         Potion            |     2 |     1 ||     3
 Armour: Leather armour    |    10 |    18 ||    28
  Dodge: Dodged            |    27 |    29 ||    56

Table legend:
 A = Non-vault XP
 B = Vault XP
 C = Vault XP percentage of total XP
 D = Non-vault monster count
 E = Vault monster count
 F = Vault count percentage of total count
                 A         B        C        D         E       F
            +---------+---------+-------+---------+---------+-------
      Total |     342 |     141 |  29.2 |      72 |      17 |  19.1
            +---------+---------+-------+---------+---------+-------
        D:1 |      28 |       0 |   0.0 |      18 |       0 |   0.0
        D:2 |      17 |       4 |  19.0 |      10 |       2 |  16.7
        D:3 |     251 |       0 |   0.0 |      25 |       0 |   0.0
        D:4 |      46 |     137 |  74.9 |      19 |      15 |  44.1
            +---------+---------+-------+---------+---------+-------
